 Dungeon Crawl Stone Soup version 0.27.1-4-g1640c2035a (webtiles) character file.

Game seed: 14636517374008903679

2995 Crownlay the Carver (level 9, -5/75 HPs)
             Began as a Minotaur Gladiator on Nov 2, 2021.
             Was a Believer of Okawaru.
             Shot with an arrow by a centaur (9 damage)
             ... on level 8 of the Dungeon.
             The game lasted 00:11:44 (6320 turns).

Crownlay the Carver (Minotaur Gladiator)            Turns: 6320, Time: 00:11:44

Health: -5/75      AC: -3    Str: 21    XL:     9   Next: 54%
Magic:  11/11      EV:  8    Int:  5    God:    Okawaru [**....]
Gold:   682        SH:  5    Dex: 13    Spells: 8/8 levels left

rFire    + + .     SeeInvis .   z - +5 triple sword (holy)
rCold    x x .     Faith    .   (shield currently unavailable)
rNeg     . . .     Spirit   .   j - +0 chain mail
rPois    .         Reflect  +   c - +0 hat
rElec    .         Harm     .   (no cloak)
rCorr    .         Rampage  .   n - +0 pair of gloves
Will     .....                  (no boots)
Stlth    ..........             m - amulet of reflection
HPRegen  0.22/turn              t - ring of fire
MPRegen  0.12/turn              p - ring of fire

@: corroded
A: horns 2, retaliatory headbutt
a: Renounce Religion, Heroism


You were on level 8 of the Dungeon.
You worshipped Okawaru.
Okawaru was pleased with you.
You visited 2 branches of the dungeon, and saw 9 of its levels.

You collected 1585 gold pieces.
You spent 903 gold pieces at shops.

Inventory:

Hand Weapons
 z - a +5 triple sword of holy wrath (weapon)
Missiles
 d - a throwing net (quivered)
Armour
 c - a +0 hat (worn)
 j - a +0 chain mail (worn)
 n - a +0 pair of gloves (worn)
Jewellery
 m - an amulet of reflection (around neck)
 p - a ring of fire (right hand)
 t - a ring of fire (left hand)
Wands
 x - a wand of flame (42)
Scrolls
 b - 2 scrolls of amnesia
 e - a scroll of enchant armour
 g - a scroll of vulnerability
 i - 4 scrolls of immolation
 k - a scroll of acquirement
 l - a scroll of torment
 o - 4 scrolls of teleportation
 u - 2 scrolls of fog
 w - a scroll of noise
 y - a scroll of magic mapping
Potions
 a - a potion of resistance
 f - a potion of lignification {unknown}
 h - 2 potions of curing
 q - 2 potions of flight
 r - 3 potions of berserk rage


   Skills:
 + Level 6.3 Fighting
 * Level 13.7 Long Blades
 - Level 2.0 Throwing
 - Level 3.2 Dodging
 + Level 4.1 Invocations


You had 8 spell levels left.
You didn't know any spells.
Your spell library contained the following spells:

 Spells                   Type           Power      Damage    Failure   Level
 Animate Skeleton         Necr           0%         N/A       99%         1
 Foxfire                  Conj/Fire      0%         2x1d4     99%         1
 Freeze                   Ice            0%         1d3       99%         1
 Pain                     Necr           0%         1d4       99%         1
 Summon Small Mammal      Summ           0%         N/A       99%         1
 Call Canine Familiar     Summ           0%         N/A       100%        3
 Conjure Flame            Conj/Fire      0%         6-21      100%        3
 Frozen Ramparts          Ice            0%         1d2       100%        3
 Gell's Gravitas          Tloc           0%         N/A       100%        3
 Inner Flame              Hex/Fire       0%         N/A       100%        3
 Summon Guardian Golem    Hex/Summ       0%         N/A       100%        3
 Teleport Other           Tloc           0%         N/A       100%        3
 Vampiric Draining        Necr           0%         2d6       100%        3
 Animate Dead             Necr           0%         N/A       100%        4
 Hailstorm                Conj/Ice       0%         3d3       100%        4
 Borgnjor's Vile Clutch   Necr/Erth      0%         N/A       100%        5
 Death Channel            Necr           0%         N/A       100%        6
 Dispersal                Tloc           0%         N/A       100%        6


Dungeon Overview and Level Annotations

Branches:
Dungeon (8/15)             Temple (1/1) D:4
   Lair: D:8-11

Altars:
Ashenzari
Fedhas
Gozag
Hepliaklqana
Kikubaaqudgha
Makhleb
Okawaru
Qazlal
Ru
Sif Muna
Trog
Uskayaw
Vehumet
Xom
Yredelemnul
The Shining One

Shops:
D:4 ?   D:6 =   D:7 *


Innate Abilities, Weirdness & Mutations

You have a pair of horns on your head.
You reflexively headbutt those who attack you in melee.


Message History

* * * LOW HITPOINT WARNING * * *
You headbutt the jelly.
The jelly is heavily wounded.
The jelly barely misses you. You furiously retaliate!
You headbutt the jelly.
Okay, then.
Okay, then.
Okay, then.
Your chain mail prevents you from hitting the jelly.
The jelly is severely wounded.
The jelly barely misses you.
You slice the jelly!!
You kill the jelly!
Okawaru accepts your kill.
You hit the acid dragon but do no damage.
The acid dragon bites you!
* * * LOW HITPOINT WARNING * * *
The acid dragon claws you.
* * * LOW HITPOINT WARNING * * *
Okay, then.
Blink to where?
Press: ? - help, Dir - move target
As you read the scroll of blinking, it crumbles to dust.
There is a stone staircase leading down here.
You can't go up here!
You climb downwards.
There is a stone staircase leading up here.
You hit the wight but do no damage.
The wight hits you with a +0 long sword!
* * * LOW HITPOINT WARNING * * *
Okay, then.
Okay, then.
You feel better.
The wight hits you with a +0 long sword!
* * * LOW HITPOINT WARNING * * *
A centaur comes into view.
Found a wand of flame (16).
The centaur shouts!
The centaur wields a +0 shortbow.
The centaur shoots an arrow.
The arrow hits you!
You die...

+# ##.## ##
##...##
./..##.....##..
....c...♣.....#
#@..# #.z.#
#z<.# #zz.#
#...# ..♣..
#.....# ##...##
##.##


You could see a centaur and 4 wights.

Vanquished Creatures
  Pikel (D:6)
  A hornet (D:7)
  4 yaks (D:7)
  A steam dragon (D:5)
  2 water moccasins
  3 necrophages
  A centaur (D:5)
  3 ogres
  A scorpion (D:4)
  A bullfrog (D:7)
  A water moccasin zombie (D:5)
  A water moccasin skeleton (D:4)
  3 hounds
  2 jellies
  A centaur skeleton (D:4)
  An orc priest (D:6)
  Terence (D:2)
  2 iguanas
  4 orc wizards (D:3)
  A hound skeleton (D:4)
  3 gnolls (D:6)
  A howler monkey skeleton (D:6)
  2 adders
  2 ufetubi
  An adder skeleton (D:4)
  3 worms
  3 dart slugs
  15 orcs
  6 bats
  10 endoplasms
  3 giant cockroaches
  12 hobgoblins
  7 jackals
  5 quokkas
  10 ball pythons
  3 frilled lizards
  6 goblins
  6 kobolds
  2 rats
135 creatures vanquished.

Notes
Turn   | Place    | Note
-------+----------+-------------------------------------------
     0 | D:1      | Crownlay the Minotaur Gladiator began the quest for the
                  | Orb.
     0 | D:1      | Reached XP level 1. HP: 18/18 MP: 0/0
   193 | D:1      | Reached skill level 4 in Long Blades
   260 | D:1      | Reached XP level 2. HP: 25/25 MP: 1/1
   354 | D:1      | Found a faded altar of an unknown god.
   752 | D:1      | Reached skill level 5 in Long Blades
   975 | D:2      | Reached XP level 3. HP: 30/30 MP: 2/2
  1272 | D:2      | Noticed Terence
  1279 | D:2      | Killed Terence
  1280 | D:2      | Reached XP level 4. HP: 37/37 MP: 3/3
  1334 | D:2      | Reached skill level 6 in Long Blades
  1851 | D:3      | Found a shimmering altar of Xom.
  2162 | D:3      | Found a radiant altar of Vehumet.
  2187 | D:3      | Reached skill level 7 in Long Blades
  2187 | D:3      | Reached XP level 5. HP: 15/42 MP: 4/4
  2384 | D:3      | Found an ancient bone altar of Kikubaaqudgha.
  2554 | D:3      | Found a shimmering blue altar of Sif Muna.
  2891 | D:4      | Found Kipropan's Magic Scroll Boutique.
  2986 | D:4      | Bought a scroll of identify for 26 gold pieces
  3004 | D:4      | Reached skill level 8 in Long Blades
  3021 | D:4      | Reached XP level 6. HP: 50/50 MP: 5/5
  3255 | D:4      | Reached skill level 9 in Long Blades
  3284 | D:4      | Found a staircase to the Ecumenical Temple.
  3321 | Temple   | Entered the Ecumenical Temple
  3387 | Temple   | Became a worshipper of Warmaster Okawaru
  3595 | D:5      | Entered Level 5 of the Dungeon
  3602 | D:5      | Reached XP level 7. HP: 56/56 MP: 6/6
  3621 | D:5      | Reached skill level 10 in Long Blades
  3893 | D:5      | Found a broken altar of Ashenzari.
  4106 | D:5      | Noticed a steam dragon
  4120 | D:5      | Killed a steam dragon
  4120 | D:5      | Reached * piety under Okawaru
  4303 | D:5      | Reached skill level 11 in Long Blades
  4306 | D:5      | Reached XP level 8. HP: 50/62 MP: 7/7
  4491 | D:5      | Identified 2 scrolls of acquirement
  4492 | D:5      | Acquired 1201 gold pieces
  4547 | D:4      | Bought a scroll of identify for 26 gold pieces
  4547 | D:4      | Bought a scroll of magic mapping for 45 gold pieces
  4547 | D:4      | Bought a scroll of identify for 26 gold pieces
  4547 | D:4      | Bought a scroll of identify for 26 gold pieces
  4547 | D:4      | Bought a scroll of acquirement for 676 gold pieces
  4547 | D:4      | Bought 3 scrolls of identify for 78 gold pieces
  4556 | D:4      | Acquired a +4 triple sword of holy wrath
  4872 | D:6      | Reached skill level 12 in Long Blades
  5018 | D:6      | Reached skill level 1 in Invocations
  5082 | D:6      | Found Jigu's Jewellery Shoppe.
  5200 | D:6      | Found a burning altar of Makhleb.
  5244 | D:6      | Found a bloodstained altar of Trog.
  5260 | D:6      | Noticed Pikel
  5273 | D:6      | Killed Pikel
  5274 | D:6      | Reached skill level 5 in Fighting
  5274 | D:6      | Reached XP level 9. HP: 59/74 MP: 8/10
  5418 | D:7      | Reached ** piety under Okawaru
  5419 | D:7      | Reached skill level 13 in Long Blades
  5791 | D:7      | Paralysed by a hornet for 1 turns
  6169 | D:7      | Found Qaroseupt's Gadget Gallery.
  6317 | D:8      | HP: 3/75 [wight (9)]
  6320 | D:8      | Shot with an arrow by a centaur

Illustrated notes

Levels and vault maps discovered:
D:1:      lemuel_arrival_broad_hall, layout_loops_cross,
          shapermc_ecumenical_altar_acropolis, serial_park_tiny_2
D:2:      layout_basic, minmay_misc_feat_rows, uniq_terence
D:3:      layout_basic, palyth_temple_overflow_mages, mainiacjoe_overflow_paths
D:4:      minmay_spotlight, layout_cave_pools, minmay_temple_entry_hall,
          serial_shops, nicolae_shop_trees
D:5:      layout_basic, ashenzari_altar_1, serial_bayou_pond_d,
          chequers_arboretum
D:6:      layout_cave_pools, trog_three_pillars_becter, lightli_temple_of_fire,
          serial_shops, nicolae_shop_crystal, uniq_pikel
D:7:      layout_loops_ring, minmay_overflow_temple_star_hex,
          nicolae_shop_gadgets
D:8:      layout_basic, grunt_ministairs_15, uniq_maggie
Temple:   jpeg_temple_island

Skill      XL: |  1  2  3  4  5  6  7  8  9 |
---------------+----------------------------+-----
Long Blades    | 4 5 7 8 9 11 12 13 | 13.7
Fighting       | 5 6 |  6.3
Invocations    | 2 4 |  4.1
Throwing       | |  2.0
Dodging        | |  3.2

Action                   |  1- 3 |  4- 6 |  7- 9 || total
-------------------------+-------+-------+-------++-------
Melee: Long sword        |    64 |   149 |    63 ||   276
       Headbutt          |     7 |    36 |    24 ||    67
       Triple sword      |       |       |    69 ||    69
Throw: Throwing net      |     1 |     2 |     2 ||     5
Invok: Heroism           |       |       |     1 ||     1
  Use: Scroll            |       |     3 |    17 ||    20
       Potion            |       |       |     2 ||     2
 Stab: Held in net/web   |     1 |     1 |       ||     2
Armor: Leather armour    |     7 |       |       ||     7
       Chain mail        |     4 |    78 |    51 ||   133
Dodge: Dodged            |    33 |    57 |    62 ||   152
Block: Other             |       |    34 |    28 ||    62
       Reflection        |       |     2 |       ||     2
       Rpst.: Long sword |     8 |    15 |     3 ||    26
       Triple sword      |       |       |    12 ||    12
